 Dungeon Crawl Stone Soup version 0.17.0-27-g4a3f43e (console) character file.

4507 gw the Martial Artist (level 10, 0/91 HPs)
             Began as a Deep Dwarf Monk on Nov 22, 2015.
             Was an Elder of Cheibriados.
             Slain by Erica
             ... wielding a +3 scimitar of flaming
              (3 damage)
             ... on level 10 of the Dungeon.
             The game lasted 00:09:19 (5791 turns).

gw the Martial Artist (Deep Dwarf Monk)             Turns: 5791, Time: 00:09:19

Health: 0/91       AC: 16    Str: 25    XL:     10   Next: 16%
Magic:  0/9        EV: 13    Int: 21    God:    Cheibriados [****..]
Gold:   418        SH:  0    Dex: 28    Spells: 0 memorised, 9 levels left

rFire  . . .     SeeInvis .       - Unarmed
rCold  . . .     Clarity  .     i - +0 plate armour
rNeg   . . .     SustAt   .     (no shield)
rPois  .         Gourm    .     (no helmet)
rElec  .         Spirit   .     a - +0 cloak
rCorr  .         Warding  .     j - +0 pair of gloves
rMut   .         Stasis   .     o - +0 pair of boots
MR     +....                    (no amulet)
Stlth  ..........               (no ring)
                                u - ring of Uloocza {+Inv +Fly Slay+3}

@: lethally poisoned (0 -> 0), non-regenerating, slowed, very slow, somewhat
resistant to hostile enchantments, extremely unstealthy
A: damage resistance, recharge devices, blink, sense surroundings 2, slow
regeneration 3, spit poison 1, MP-powered wands
a: Device Recharging, Spit Poison, Blink, Bend Time, Temporal Distortion,
Slouch, Renounce Religion, Evoke Invisibility, Evoke Flight


You were on level 10 of the Dungeon.
You worshipped Cheibriados.
Cheibriados was greatly pleased with you.
You were hungry.

You visited 1 branch of the dungeon, and saw 9 of its levels.

You collected 418 gold pieces.

Inventory:

Missiles
 h - 18 bolts
 w - 5 poisoned bolts
Armour
 a - a +0 cloak (worn)
 i - a +0 plate armour (worn)
 j - a +0 pair of gloves (worn)
 o - a +0 pair of boots (worn)
Jewellery
 u - the ring of Uloocza (left hand) {+Inv +Fly Slay+3}
   (You found it on level 10 of the Dungeon)

   [ring of flight]

   It affects your accuracy and damage with ranged weapons and melee attacks
   (+3).
   It lets you turn invisible.
   It lets you fly.
Wands
 b - a wand of heal wounds (0)
 n - a wand of cold (6)
 r - a wand of lightning (15)
 s - a wand of fire (7)
Scrolls
 d - 5 scrolls of identify
 e - a scroll of teleportation
 f - 2 scrolls of remove curse
 p - a scroll of blinking
 t - 2 scrolls of enchant weapon
Potions
 l - 3 potions of curing
Comestibles
 c - 5 bread rations
 g - 5 meat rations
 k - 6 beef jerkies
 m - 8 slices of pizza
 q - 6 fruits
 v - a chunk of flesh


   Skills:
 + Level 6.2 Fighting
 + Level 6.5 Armour
 + Level 7.0 Dodging
 - Level 2.4 Stealth
 * Level 8.9 Unarmed Combat
 + Level 7.5 Invocations
 - Level 1.5 Evocations


You had 9 spell levels left.
You didn't know any spells.

Dungeon Overview and Level Annotations

Branches:
Dungeon (10/15)            Temple (0/1) D:7            Lair (0/8) D:8
    Orc: D:9-12

Altars:
Cheibriados
Gozag
Makhleb
Ru
Trog

Shops:
D:8 }

Annotations:
D:3 Plaidstone's ghost, amateur DrTm
D:10 Erica


Innate Abilities, Weirdness & Mutations

You are resistant to damage.
You can recharge devices by infusing magical energy.
You passively map the area around you.
You do not regenerate naturally.
You can translocate small distances at will.
You can spit weak poison.
You expend magic power (3 MP) to strengthen your wands.


Message History

Charge which item? (? for menu, Esc to quit)
Your wand of lightning glows for a moment.
You hear some strange, mumbled words.
Something tries to affect you, but you resist.
Something hits you. Something burns you. Something hits you!
Something burns you. Something hits you. Something burns you.
ATTACK MOVE TO (-1,1)
You hear some strange, mumbled words.
An orb of energy appears from out of thin air!
The orb of energy hits you!
The orb of energy explodes!
You hear some strange, mumbled words.
Something tries to affect you, but you resist.
ATTACK MOVE TO (-1,-1)
Something hits you but does no damage. x2
Charge which item? (? for menu, Esc to quit)
Your wand of lightning {recharged} glows for a moment.
Something hits you but does no damage. Something completely misses you.
Something hits you.
You die...

... #........#........
* ....
#........#........ **
....##........#...#####
, ..............#...# #
* , ,
..............#...# # ,
,..............'...# #
, ,
..............#...#####
######....#####........
#g...#.......#####
#....#.......#....
#....#.......#....
#....#.......#....
#....#.#####.#....
######. , ..##### , * #
* ###* *,, , , * , ,


There were no monsters in sight!

Table legend:
 A = Turns spent in this place as a percentage of turns spent in the entire game.
 B = Non-inter-level travel turns spent in this place as a percentage of non-inter-level travel turns spent in the entire game.
 C = Inter-level travel turns spent in this place as a percentage of turns spent in this place.
 D = Turns resting spent in this place as a percentage of non-inter-level travel turns spent in this place.
 E = Turns spent auto-exploring this place as a percentage of non-inter-level travel turns spent in this place.
 F = Non-inter-level travel turns spent in this place divided by the number of levels of this place that you've seen.
                   A       B       C       D       E      F
               +-------+-------+-------+-------+-------+----------------------
         Total | 100.0 | 100.0 |   0.3 |   0.0 |   2.1 | 1495.7
       Dungeon | 100.0 | 100.0 |   0.3 |   0.0 |   2.1 | 1495.7
               +-------+-------+-------+-------+-------+----------------------

Table legend:
 A = Kills in this place as a percentage of kills in entire the game.
 B = Kills by you in this place as a percentage of kills by you in the entire game.
 C = Kills by friends in this place as a percentage of kills by friends in the entire game.
 D = Other kills in this place as a percentage of other kills in the entire game.
 E = Experience gained in this place as a percentage of experience gained in the entire game.
 F = Experience gained in this place divided by the number of levels of this place that you have seen.
                   A       B       C       D       E      F
               +-------+-------+-------+-------+-------+----------------------
         Total | 100.0 | 100.0 |  -nan | 100.0 | 100.0 | 715.4
       Dungeon | 100.0 | 100.0 |  -nan | 100.0 | 100.0 | 715.4
               +-------+-------+-------+-------+-------+----------------------

Vanquished Creatures
  Pikel (D:4)
  The ghost of gw the Shield-Bearer, an amateur FoFi (D:4)
  A two-headed ogre (D:9)
  A human (D:7)
  A steam dragon (D:9)
  A deep elf mage (D:10)
  3 hippogriffs
  An orc warrior (D:8)
  2 black bears
  2 sky beasts
  6 ogres
  5 giant frogs
  A gnoll sergeant (D:10)
  4 scorpions
  A water moccasin zombie (D:8)
  4 killer bees (D:8)
  A wasp zombie (D:9)
  4 crimson imps
  An iguana (D:8)
  4 orc priests
  2 giant frog skeletons (D:8)
  A hound (D:5)
  Terence (D:2)
  A centaur skeleton (D:8)
  5 worker ants
  5 orc wizards
  4 sheep (D:7)
  A hound skeleton (D:5)
  9 gnolls
  5 adders
  2 river rats (D:3)
  2 shadow imps
  3 worms (D:3)
  3 adder skeletons
  3 giant geckos
  14 orcs
  5 giant cockroaches
  9 goblins
  6 hobgoblins
  4 jackals (D:1)
  2 quokkas
  2 ball pythons
  10 bats
  5 giant newts
  A jackal skeleton (D:8)
  A jackal zombie (D:8)
  5 kobolds
  12 rats
168 creatures vanquished.

Vanquished Creatures (others)
  An orc priest (D:7)
  An iguana (D:4)
  A quokka (D:4)
3 creatures vanquished.

Grand Total: 171 creatures vanquished

Notes
Turn   | Place    | Note
--------------------------------------------------------------
     0 | D:1      | gw the Deep Dwarf Monk began the quest for the Orb.
     0 | D:1      | Reached XP level 1. HP: 20/20 MP: 1/1
   112 | D:1      | Reached skill level 1 in Evocations
   116 | D:1      | Reached XP level 2. HP: 21/27 MP: 2/2
   216 | D:1      | Reached skill level 4 in Unarmed Combat
   373 | D:1      | Reached XP level 3. HP: 19/33 MP: 4/4
   789 | D:2      | Reached skill level 1 in Armour
  1168 | D:2      | Noticed Terence
  1190 | D:2      | Killed Terence
  1190 | D:2      | Reached XP level 4. HP: 24/42 MP: 5/5
  1663 | D:2      | Found a snail-covered altar of Cheibriados.
  1663 | D:2      | Found a sacrificial altar of Ru.
  1670 | D:2      | Became a worshipper of Cheibriados the Contemplative
  1670 | D:2      | Reached * piety under Cheibriados
  1670 | D:2      | Reached ** piety under Cheibriados
  1785 | D:3      | Noticed Plaidstone's ghost (amateur DrTm)
  1978 | D:3      | Found a bloodstained altar of Trog.
  2212 | D:3      | Reached skill level 1 in Invocations
  2455 | D:4      | Noticed an ogre
  2473 | D:4      | Killed an ogre
  2473 | D:4      | Reached XP level 5. HP: 29/49 MP: 2/6
  2490 | D:4      | Noticed gw's ghost (amateur FoFi)
  2495 | D:4      | Noticed a slave
  2495 | D:4      | Noticed a slave
  2496 | D:4      | Noticed Pikel
  2496 | D:4      | Noticed a slave
  2496 | D:4      | Noticed a slave
  2545 | D:4      | Killed Pikel
  2545 | D:4      | Reached skill level 5 in Unarmed Combat
  2545 | D:4      | Reached XP level 6. HP: 41/57 MP: 0/7
  2545 | D:4      | Reached XP level 7. HP: 46/64 MP: 0/8
  2646 | D:4      | Killed gw's ghost
  2646 | D:4      | Reached skill level 6 in Unarmed Combat
  2954 | D:5      | Entered Level 5 of the Dungeon
  3118 | D:5      | You fall through a shaft for 2 floors!
  3128 | D:7      | Reached skill level 5 in Dodging
  3128 | D:7      | Reached XP level 8. HP: 49/73 MP: 8/10
  3263 | D:7      | Reached skill level 5 in Fighting
  3277 | D:7      | Found a staircase to the Ecumenical Temple.
  3293 | D:7      | Reached skill level 5 in Invocations
  3399 | D:7      | Reached *** piety under Cheibriados
  3399 | D:7      | Reached skill level 7 in Unarmed Combat
  3533 | D:7      | Found an opulent altar of Gozag.
  3614 | D:7      | Found a bloodstained altar of Trog.
  3664 | D:7      | Noticed a human
  3694 | D:7      | Killed a human
  3850 | D:8      | Found a staircase to the Lair.
  3891 | D:8      | Reached skill level 5 in Armour
  3891 | D:8      | Gained mutation: You passively map the area around you. [Deep Dwarf growth]
  3891 | D:8      | Reached XP level 9. HP: 72/81 MP: 11/11
  3903 | D:8      | Found Zibicse's Gadget Shop.
  4383 | D:8      | Found a burning altar of Makhleb.
  4514 | D:8      | Reached skill level 8 in Unarmed Combat
  4719 | D:8      | Reached **** piety under Cheibriados
  5472 | D:9      | Reached XP level 10. HP: 68/91 MP: 11/11
  5543 | D:9      | Gained mutation: You expend magic power (3 MP) to strengthen your wands. [potion of mutation]
  5543 | D:9      | Gained mutation: You can translocate small distances at will. [potion of mutation]
  5543 | D:9      | Gained mutation: You can spit weak poison. [potion of mutation]
  5567 | D:10     | Entered Level 10 of the Dungeon
  5616 | D:10     | Got an ancient bronze ring
  5617 | D:10     | Identified the ring of Uloocza {+Inv +Fly Slay+3} (You found it on level 10 of the Dungeon)
  5641 | D:10     | Reached ***** piety under Cheibriados
  5762 | D:10     | Noticed Erica
  5788 | D:10     | HP: 3/91 [something/orb of energy (18)]
  5791 | D:10     | Slain by Erica

Action                   |  1- 3 |  4- 6 |  7- 9 | 10-12 || total
-------------------------+-------+-------+-------+-------++-------
Melee: Unarmed           |   169 |   141 |   488 |    74 ||   872
Invok: Bend Time         |       |     4 |    13 |     1 ||    18
       Temporal Distorti |       |       |       |     2 ||     2
 Abil: Device Recharging |       |     1 |     3 |     2 ||     6
       Spit Poison       |       |       |       |     6 ||     6
Evoke: Wand              |     1 |     8 |    15 |     2 ||    26
  Use: Scroll            |     4 |     7 |     5 |       ||    16
       Potion            |     2 |     3 |     3 |     2 ||    10
 Stab: Sleeping          |     4 |       |       |       ||     4
  Eat: Chunk             |     1 |     3 |     8 |     1 ||    13

Vault maps used:
D:1:      lightli_arrival_farm, corexii_leaking_fountain, st_stairs_13
D:2:      amethyst_overflow_temple_binary, minivault_14, uniq_terence
D:3:      bloody_trog, portal_sewer_entry_b
D:4:      first_bread, uniq_pikel
D:5:      nicolae_tso_carved_into_rock, kennysheep_mini_moat,
          uniq_crazy_yiuf_cottage
D:7:      minmay_temple_entry_trees, basic_altar, grunt_livestock,
          hangedman_decor_lopped, nicolae_gozag_seed_capital
D:8:      nicolae_overflow_crystal_walls, dpeg_oklobed_lair, serial_shops,
          shop_statue, dk_noncrumbling_4
D:10:     uniq_erica
